Map: Ascension to Aiur LE

Players

Winthrowe

  • Race: Terran Terran
  • League: Silver
  • Spawn Location: 11:00

A.I. 1 (Hard) - Winner!

  • Race: Zerg Zerg
  • Spawn Location: 5:00

VOD

Have the link to the VOD?

Description

Time

  • Played on: Aug. 19, 2017, 11:37 a.m.
  • Length: 6:46
Show
View Real Time Build Order
Export as new Build Order

Winthrowe Terran 

Build Orders:  

Get SALT Encoding   

  12  0:01  SCV  
  13  0:15  Supply Depot  
  13  0:18  SCV  
  14  0:31  SCV  
  15  0:43  Barracks  
  15  0:48  SCV  
  16  1:00  SCV  
  17  1:06  Refinery  
  17  1:12  SCV  
  18  1:24  SCV  
  19  1:30  Supply Depot  
  19  1:37  SCV  
  20  1:49  SCV  
  21  1:57  Command Center  
  21  1:58  Marine  
  21  2:01  SCV  
  23  2:12  Barracks  
  23  2:13  SCV  
  24  2:16  Marine  
  24  2:20  Refinery  
  25  2:25  SCV  
  26  2:34  Marine  
  27  2:41  SCV  
  28  2:52  Marine  
  28  2:53  SCV  
  30  3:12  Refinery  
  30  3:29  Barracks Reactor  
  30  3:30  Barracks Tech Lab  
  30  3:38  Refinery  
  30  3:40  Orbital Command  
  30  3:52  Marauder  
  30  3:55  Stimpack  
  32  4:01  Orbital Command  
  32  4:07  Marine x2  
  34  4:13  Marauder  
  36  4:18  SCV  
  37  4:24  Marine  
  37  4:25  Marine  
  37  4:27  SCV  
  37  4:30  SCV  
  41  4:34  Marine  
  41  4:37  Engineering Bay  
  42  4:42  Marine  
  42  4:43  Marine, SCV  
  45  4:50  SCV  
  46  5:01  Supply Depot  
  46  5:03  Engineering Bay  
  46  5:22  Marine x2  
  46  5:23  SCV x2, Marauder  
  46  5:24  Supply Depot  
  52  5:31  Factory  
  52  5:35  SCV  
  45  5:40  Marine  
  39  5:44  Marauder  
  39  5:46  Supply Depot  
  37  5:55  Marine  
  38  5:58  Marine  
  39  6:06  Marauder  
  41  6:13  Marine  
  41  6:16  Marine  
Show
View Real Time Build Order
Export as new Build Order

A.I. 1 (Hard) Zerg - Winner!

Build Orders: Pool First 

Get SALT Encoding   

  12  0:01  Drone  
  13  0:12  Overlord  
  13  0:16  Drone  
  14  0:30  Drone  
  14  0:31  Drone  
  16  0:42  Spawning Pool  
  15  0:45  Drone  
  15  0:49  Drone  
  17  0:52  Extractor  
  17  0:55  Drone  
  17  1:05  Overlord  
  17  1:30  Queen  
  17  1:31  Zergling x2  
  20  1:36  Zergling x2  
  20  1:38  Roach Warren, Drone  
  21  1:42  Extractor  
  20  1:49  Drone  
  21  1:59  Drone  
  22  2:10  Overlord  
  22  2:21  Drone  
  23  2:32  Roach  
  25  2:37  Roach, Drone  
  25  2:42  Overlord  
  30  2:44  Roach  
  30  2:54  Roach  
  32  3:05  Roach  
  34  3:08  Drone  
  34  3:11  Overlord, Roach  
  37  3:16  Drone  
  38  3:27  Drone  
  38  3:28  Baneling Nest  
  38  3:36  Evolution Chamber  
  38  3:38  Roach  
  38  3:41  Drone  
  40  3:42  Drone  
  40  3:44  Roach  
  43  3:50  Drone  
  44  4:00  Drone  
  45  4:12  Drone  
  46  4:45  Zerg Melee Weapons Level 1, Lair  
  46  4:47  Evolution Chamber  
  46  4:49  Overlord  
  45  4:53  Drone  
  46  5:09  Hatchery  
  45  5:19  Drone  
  44  5:29  Zergling x2  
  45  5:43  Overseer  
  45  5:48  Hydralisk Den, Drone  
  45  5:50  Spore Crawler, Drone  
  45  5:53  Overseer  
  45  5:58  Spore Crawler  
  45  5:59  Drone  
  45  6:10  Overlord  
  45  6:17  Hydralisk  
  45  6:22  Spine Crawler  
  45  6:23  Drone  
  47  6:28  Drone  
  50  6:33  Drone  
Tags
 
Add a new tag
Caveats
  • Supply blocks, unpowered buildings, or Contaminate may cause inaccurate times.
  • Supply counts are checked every 10 seconds.